Map: Oceanborn LE

Players

Dark - Winner!

  • Race: Zerg Zerg
  • Spawn Location: 11:00

LiquidClem (Clem)

  • Race: Terran Terran
  • League: Grandmaster
  • Spawn Location: 5:00

VOD

Have the link to the VOD?

Description

Time

  • Played on: Oct. 23, 2023, 9:35 p.m.
  • Length: 12:54
Show
View Real Time Build Order
Export as new Build Order

Dark Zerg - Winner!

Build Orders: Hatch First 

Get SALT Encoding   

  12  0:00  Drone  
  13  0:12  Overlord  
  13  0:17  Drone  
  14  0:31  Drone x2  
  16  0:48  Hatchery  
  15  0:53  Drone  
  15  0:54  Drone  
  17  0:57  Drone  
  18  1:09  Extractor  
  17  1:14  Spawning Pool  
  17  1:16  Drone  
  17  1:19  Drone  
  18  1:28  Drone  
  20  1:40  Drone  
  20  1:50  Drone  
  21  2:01  Queen x2  
  21  2:02  Zergling x4  
  27  2:08  Metabolic Boost  
  27  2:12  Zergling x2  
  27  2:13  Overlord  
  28  2:32  Drone x3  
  31  2:38  Queen  
  33  2:51  Hatchery  
  33  2:56  Drone x3  
  33  2:57  Drone  
  36  3:04  Overlord  
  36  3:10  Overlord  
  36  3:15  Overlord  
  36  3:22  Queen  
  36  3:23  Drone x4  
  42  3:29  Drone x2  
  42  3:32  Queen  
  46  3:35  Drone  
  47  3:43  Drone  
  48  3:51  Drone x4  
  48  3:52  Drone x2  
  54  3:58  Queen, Overlord  
  54  3:59  Drone x2  
  58  4:04  Queen  
  58  4:08  Drone x2  
  62  4:11  Drone  
  63  4:18  Drone  
  63  4:21  Lair  
  63  4:22  Baneling Nest  
  63  4:24  Extractor  
  63  4:25  Zergling x4, Extractor  
  63  4:26  Zergling x2  
  63  4:31  Drone x4  
  66  4:33  Drone x2  
  66  4:38  Zergling x4  
  72  4:51  Zergling x4  
  72  4:52  Overlord  
  74  4:55  Overlord  
  74  4:57  Overlord  
  74  4:59  Overlord  
  74  5:02  Overlord  
  74  5:06  Hatchery  
  73  5:10  Evolution Chamber  
  73  5:11  Drone x6  
  73  5:12  Drone x2, Evolution Chamber  
  79  5:19  Drone x5  
  84  5:25  Centrifugal Hooks  
  84  5:30  Zergling x10  
  89  5:36  Zergling x6  
  89  5:42  Zerg Melee Weapons Level 1, Zerg Ground Armor Level 1  
  92  5:43  Baneling x3  
  92  5:44  Baneling x3  
  92  5:46  Baneling  
  92  5:49  Hatchery  
  90  5:52  Drone x4  
  90  5:55  Extractor  
  93  5:58  Zergling x6  
  96  6:04  Baneling x2  
  96  6:07  Zergling x14  
  103  6:13  Zergling x2  
  103  6:14  Zergling x2  
  105  6:20  Drone  
  105  6:21  Zergling x4, Infestation Pit  
  107  6:29  Zergling x4  
  109  6:39  Zergling x22  
  120  6:44  Burrow  
  120  6:46  Overlord x2  
  120  6:47  Baneling x4  
  120  6:49  Overlord  
  120  6:50  Overlord  
  120  6:51  Overlord  
  120  6:55  Overlord  
  120  6:59  Overseer  
  120  7:01  Drone x4  
  123  7:04  Hive  
  123  7:07  Drone x4, Extractor  
  123  7:08  Drone  
  127  7:10  Overseer  
  127  7:11  Drone  
  127  7:12  Drone  
  129  7:18  Zergling x2, Drone  
  129  7:19  Zergling x2  
  132  7:26  Zergling x18  
  140  7:33  Zergling x8  
  140  7:36  Zerg Melee Weapons Level 2, Zerg Ground Armor Level 2  
  144  7:39  Zergling x2  
  144  7:40  Zergling x6  
  144  7:43  Zergling x8  
  152  7:47  Baneling x4  
  150  7:52  Zergling x18  
  150  7:53  Baneling x8  
  150  7:57  Overlord x2  
  157  8:07  Zergling x16  
  162  8:15  Zergling x2  
  162  8:16  Zergling x18  
  171  8:21  Baneling x9  
  171  8:22  Adrenal Glands, Baneling x2  
  171  8:24  Zergling x2  
  171  8:25  Zergling x12  
  171  8:26  Baneling x2  
  178  8:32  Zergling x2  
  178  8:33  Zergling x6  
  182  8:34  Overlord x2  
  182  8:37  Overlord  
  182  8:47  Baneling x11  
  178  8:56  Zergling x2  
  178  8:57  Zergling x26  
  178  8:58  Zergling x6  
  178  8:59  Zergling x2  
  195  9:04  Zergling x10  
  195  9:07  Baneling x2  
  195  9:08  Baneling x10  
  199  9:10  Baneling x2  
  198  9:17  Baneling x5  
  181  9:25  Zergling x18  
  181  9:31  Zergling x24  
  183  9:36  Baneling x4  
  183  9:37  Baneling x6  
  171  9:44  Zergling x18  
  129  9:54  Zergling x22  
  139  10:05  Baneling x8  
  139  10:06  Zergling x20, Baneling x2  
  149  10:14  Zergling x16  
  149  10:15  Baneling x3  
  149  10:17  Baneling x4  
  149  10:18  Zergling x2  
  157  10:22  Zergling x2  
  157  10:23  Zergling x2  
  157  10:24  Zergling x6  
  161  10:28  Viper x2  
  167  10:35  Hatchery  
  167  10:39  Zergling x12  
  166  10:52  Zergling x26  
  155  11:08  Zergling x18  
  157  11:15  Baneling x15  
  157  11:17  Zergling x16  
  157  11:18  Zergling x4  
  167  11:19  Overseer  
  167  11:20  Baneling x3  
  167  11:23  Zergling x6  
  170  11:28  Baneling x11  
  170  11:32  Overseer  
  168  11:34  Zergling x12  
  168  11:39  Baneling x4  
  174  11:41  Zergling x2  
  174  11:42  Zergling x8  
  179  11:50  Zergling x2, Spore Crawler  
  179  11:51  Zergling x12  
  185  12:01  Zergling x12  
  183  12:08  Zergling x12  
  177  12:18  Zergling x2  
  177  12:19  Zergling x20  
  186  12:23  Overseer  
  186  12:24  Zergling x2  
  186  12:25  Swarm Host  
  190  12:35  Zergling x6  
  190  12:36  Zergling x12  
Show
View Real Time Build Order
Export as new Build Order

LiquidClem Terran 

Build Orders:  

Get SALT Encoding   

  12  0:00  SCV  
  13  0:12  SCV  
  14  0:17  Supply Depot  
  14  0:24  SCV  
  15  0:39  SCV  
  15  0:41  Barracks  
  16  0:43  Refinery  
  16  0:51  SCV  
  17  0:58  Barracks  
  17  1:03  SCV  
  18  1:15  SCV  
  19  1:28  Orbital Command, Reaper  
  19  1:32  Supply Depot  
  20  1:45  Reaper  
  21  1:56  SCV  
  22  2:02  Reaper  
  23  2:09  Command Center  
  23  2:12  SCV  
  24  2:17  Refinery  
  25  2:24  SCV  
  25  2:38  SCV  
  25  2:40  Factory  
  26  2:51  Command Center  
  26  2:54  SCV  
  26  2:57  Barracks Reactor  
  26  3:06  SCV  
  27  3:18  SCV  
  28  3:20  Orbital Command  
  28  3:24  Barracks Tech Lab  
  28  3:30  SCV  
  29  3:38  Cyclone x2  
  33  3:41  Barracks Reactor  
  33  3:42  SCV  
  33  3:43  Marine  
  33  3:46  SCV  
  36  3:54  SCV, Engineering Bay  
  36  3:55  Engineering Bay  
  37  3:58  SCV  
  37  4:00  Marine  
  39  4:02  Orbital Command  
  39  4:07  SCV  
  40  4:10  SCV  
  40  4:11  Hellion x2  
  45  4:19  Marine x2  
  45  4:20  SCV  
  45  4:22  SCV  
  45  4:23  Terran Infantry Armor Level 1  
  49  4:24  Terran Infantry Weapons Level 1  
  49  4:26  Marine  
  49  4:28  SCV  
  51  4:34  Hellion x2  
  51  4:35  SCV  
  51  4:37  SCV  
  57  4:40  Stimpack  
  57  4:42  Marine x2  
  59  4:49  Supply Depot, SCV  
  59  4:50  SCV  
  61  4:53  Barracks  
  61  5:04  Orbital Command  
  61  5:06  Refinery  
  61  5:07  Starport, Refinery  
  61  5:08  Factory Tech Lab  
  61  5:11  SCV x2  
  61  5:12  Supply Depot  
  63  5:15  Supply Depot  
  63  5:18  Marine  
  63  5:19  Marine x2  
  66  5:23  SCV x2  
  66  5:25  Barracks x2  
  68  5:31  SCV  
  68  5:32  Armory  
  68  5:35  SCV  
  70  5:37  Siege Tank, SCV  
  70  5:40  Marine  
  70  5:41  Marine  
  77  5:43  SCV  
  77  5:48  Barracks Reactor  
  77  5:50  SCV, Marine  
  77  5:51  SCV  
  77  5:52  Supply Depot  
  77  5:55  SCV  
  81  5:58  Marine  
  81  6:01  Barracks  
  81  6:02  Barracks  
  81  6:03  SCV x2  
  84  6:06  Barracks  
  84  6:08  SCV  
  85  6:15  Barracks Reactor, Barracks Tech Lab, SCV  
  85  6:16  SCV  
  92  6:20  SCV  
  92  6:21  Marine  
  89  6:26  Supply Depot  
  89  6:28  Terran Infantry Weapons Level 2, Terran Infantry Armor Level 2, SCV  
  89  6:30  Supply Depot  
  90  6:33  Marine  
  90  6:34  SCV x2  
  90  6:35  Supply Depot  
  93  6:41  Supply Depot  
  93  6:44  Combat Shield  
  93  6:47  Marine x3  
  93  6:48  Hellion x2, Supply Depot  
  93  6:51  SCV x3  
  103  6:55  Marine x3  
  103  6:57  Marine x3  
  103  6:59  Marine  
  110  7:01  Medivac  
  110  7:03  Medivac  
  110  7:06  Supply Depot  
  110  7:07  Supply Depot  
  114  7:09  Marine  
  114  7:11  Hellion  
  114  7:13  Hellion  
  114  7:15  Marine  
  120  7:16  Barracks Reactor x2  
  120  7:17  Concussive Shells  
  120  7:18  Marauder  
  120  7:20  Marauder  
  120  7:21  Marine x2  
  126  7:24  Marauder  
  126  7:25  Barracks Reactor  
  126  7:27  Supply Depot  
  128  7:30  Marine  
  128  7:32  Supply Depot  
  128  7:33  Medivac  
  128  7:35  Hellion, Refinery  
  128  7:37  Supply Depot  
  133  7:38  Marine  
  133  7:41  Marine  
  133  7:42  Marine  
  137  7:47  Medivac  
  137  7:49  Hellion  
  137  7:50  Supply Depot, Marine  
  142  7:52  Marauder x2  
  142  7:55  Marine, Marauder  
  142  7:56  Hellion, Marine  
  151  7:58  Marine x3  
  151  8:01  Marine  
  151  8:05  Marine x2, Medivac  
  158  8:06  Supply Depot  
  159  8:13  Marauder x2  
  159  8:14  Marine x3  
  159  8:17  Hellion, Medivac, Marine  
  159  8:19  Marine x2  
  171  8:22  Marine x2  
  171  8:24  Supply Depot  
  171  8:25  Marauder, Marine  
  171  8:26  Hellion  
  179  8:27  Marine  
  179  8:31  Marine  
  181  8:35  Marauder  
  181  8:38  Hellion, Marine x3  
  181  8:39  Marine  
  181  8:40  Supply Depot  
  189  8:45  Marine  
  189  8:48  Hellion  
  191  8:57  Marauder  
  191  8:58  Marauder  
  191  8:59  Terran Infantry Armor Level 3, Terran Infantry Weapons Level 3  
  191  9:00  Hellion  
  197  9:06  Marauder  
  197  9:09  Hellion  
  200  9:14  Terran Vehicle And Ship Armor Level 1  
  199  9:19  Command Center, Marine  
  199  9:21  Hellion  
  199  9:22  Marine x3  
  199  9:23  Marauder x2  
  199  9:24  Marine x2  
  194  9:28  Marauder, Marine  
  194  9:31  Hellion  
  199  9:37  Marine, Medivac  
  199  9:38  Marine  
  179  9:42  Widow Mine  
  179  9:43  Marine x2  
  179  9:44  Marauder x2, Marine  
  147  9:49  Orbital Command  
  147  9:50  Marine, Marauder  
  147  9:51  Marine  
  147  9:52  Hellion  
  126  9:54  Marine x3  
  126  9:55  Marine  
  126  9:56  Marine  
  127  10:01  Marine x3  
  127  10:04  Hellion  
  127  10:05  Marauder  
  136  10:13  Medivac x2  
  140  10:16  Marine  
  140  10:18  Marine x4  
  140  10:21  Marine x2  
  144  10:24  Marine  
  144  10:27  Widow Mine  
  150  10:28  Widow Mine  
  150  10:30  Marine x2  
  150  10:34  Supply Depot  
  150  10:35  Marine x2  
  153  10:41  Marine x3  
  157  10:43  Marauder x2  
  150  10:52  Widow Mine x2  
  150  10:54  Marine x3  
  150  10:55  Marine x3  
  150  10:56  Supply Depot  
  158  11:03  Marine  
  128  11:04  Marine  
  128  11:06  Marine  
  128  11:07  Marine x3  
  130  11:12  Marine x3  
  130  11:13  Hellion, Marine x2  
  130  11:14  Marine  
  130  11:16  Widow Mine  
  140  11:21  Liberator x2, Marine  
  140  11:24  SCV  
  140  11:25  Marine x3  
  148  11:29  Marine x2  
  148  11:31  Marine  
  153  11:34  Widow Mine  
  153  11:35  Marine  
  153  11:36  Marine x2  
  153  11:38  Widow Mine  
  158  11:41  SCV x3  
  158  11:45  Marine x3  
  164  11:53  SCV  
  166  11:56  Widow Mine  
  166  11:59  Widow Mine, Marine  
  170  12:04  Marine, Medivac, Marauder  
  173  12:08  Marine  
  173  12:09  Marauder, Marine  
  173  12:11  Marine  
  173  12:14  Medivac  
  173  12:15  Marine  
  165  12:16  Marine  
  165  12:17  Widow Mine  
  165  12:18  Orbital Command  
  165  12:21  Widow Mine  
  161  12:23  Marine  
  161  12:28  Marine x2  
Tags
 
Add a new tag
Caveats
  • Supply blocks, unpowered buildings, or Contaminate may cause inaccurate times.
  • Supply counts are checked every 10 seconds.